 Dungeon Crawl Stone Soup version 0.31-a0-1308-ga3cce3a448 (webtiles) character file.

Game seed: 14018207076203724468

3336 jlumianski the Grappler (level 10, 0/75 HPs)
             Began as a Gnoll Shapeshifter on Dec 19, 2023.
             Slain by Erica
             ... wielding a +2 scimitar of flaming
              (12 damage)
             ... on level 8 of the Dungeon.
             The game lasted 00:40:48 (6724 turns).

jlumianski the Grappler (Gnoll Shapeshifter)        Turns: 6724, Time: 00:40:50

Health: 0/75       AC:  6    Str: 16    XL:     10   Next: 2%
Magic:  16/17      EV: 17    Int: 11    God:
Gold:   276        SH:  0    Dex: 18    Spells: 14/18 levels left

rFire   . .          .
                       - Unarmed
rCold   . . .        (shield currently unavailable)
rNeg    . . .        I - melded +4 ring mail
rPois   .            s - +1 helmet
rElec   .            (no cloak)
rCorr   .            (no gloves)
SInv    .            (no boots)
Will    .....        (no amulet)
Stlth   ++           H - +4 ring of protection
HPRegen 0.32/turn    l - +6 ring of dexterity
MPRegen 0.15/turn

%: no passive effects
@: flux-form, weak-willed, glowing, constricted
A: glow, contaminating, fangs 1, strong nose, distributed training
a: Begin Untransformation


You were on level 8 of the Dungeon.
You were something dangerously unstable.
You visited 2 branches of the dungeon, and saw 9 of its levels.
You also visited: Ossuary.

You collected 1236 gold pieces.
You spent 960 gold pieces at shops.

Inventory:

Hand Weapons
 n - a +5 heavy dagger
 p - a +2 dagger of venom
 B - the +5 dagger of the Flying Rattlesnake {flame, rElec}
   (You found it on level 5 of the Dungeon)

   rElec:     It insulates you from electricity.
 D - a +0 great sword
Missiles
 r - 24 poisoned darts (quivered)
 K - 2 atropa-tipped darts
Armour
 a - a +0 animal skin
 s - a +1 helmet (worn)
 y - a +0 chain mail
 A - a +0 kite shield
 I - a +4 ring mail (melded)
 N - a +0 helmet
Jewellery
 e - a +6 ring of strength
 l - a +6 ring of dexterity (right hand)
 C - a +6 ring of strength
 H - a +4 ring of protection (left hand)
Talismans
 c - a beast talisman
 d - a flux talisman (active)
Wands
 v - a wand of paralysis (7)
 F - a wand of digging (5)
 G - a wand of flame (25)
 L - a wand of mindburst (11)
 M - a wand of acid (4)
Scrolls
 g - a scroll of immolation
 i - 2 scrolls of teleportation
 j - 2 scrolls of noise
 k - 3 scrolls of vulnerability
 q - 2 scrolls of torment
 u - a scroll of enchant armour
 x - a scroll of fog
 Q - a scroll of revelation
 R - a scroll of fear {unknown}
Potions
 b - 3 potions of lignification
 f - 5 potions of heal wounds
 h - 2 potions of enlightenment
 m - 3 potions of degeneration
 o - 2 potions of curing
 t - 3 potions of might
 w - 2 potions of resistance
 z - 2 potions of ambrosia
 E - a potion of brilliance
 J - a potion of haste
 P - a potion of invisibility {unknown}


   Skills:
 + Level 5.6 Fighting
 + Level 4.9 Short Blades
 + Level 4.9 Long Blades
 + Level 4.9 Axes
 + Level 4.9 Maces & Flails
 + Level 4.9 Polearms
 + Level 4.9 Staves
 + Level 4.9 Ranged Weapons
 + Level 4.9 Throwing
 + Level 4.9 Armour
 + Level 6.8 Dodging
 + Level 4.9 Stealth
 + Level 4.9 Shields
 + Level 8.3 Unarmed Combat
 + Level 4.9 Spellcasting
 + Level 4.0 Conjurations
 + Level 4.0 Hexes
 + Level 4.0 Summonings
 + Level 4.0 Necromancy
 + Level 4.0 Translocations
 + Level 4.0 Transmutations
 + Level 4.0 Fire Magic
 + Level 4.0 Ice Magic
 + Level 4.0 Air Magic
 + Level 4.0 Earth Magic
 + Level 4.0 Poison Magic
 + Level 5.4 Invocations
 + Level 4.9 Evocations
 + Level 8.0 Shapeshifting


You had 14 spell levels left.
You knew the following spells:

 Your Spells              Type           Power      Damage    Failure   Level
a - Ensorcelled Hibernat  Hex/Ice        22%        N/A       6%          2
b - Jinxbite              Hex            22%        N/A       6%          2

Your spell library contained the following spells:

 Spells                   Type           Power      Damage    Failure   Level
 Apportation              Tloc           22%        N/A       4%          1
 Necrotise                Necr           44%        1d6       4%          1
 Summon Small Mammal      Summ           44%        N/A       4%          1
 Gell's Gravitas          Tloc           11%        N/A       12%         3
 Inner Flame              Hex/Fire       11%        N/A       12%         3
 Teleport Other           Tloc           11%        N/A       12%         3
 Anguish                  Hex/Necr       5%         N/A       38%         4
 Flame Wave               Conj/Fire      11%        2d6       38%         4
 Sticky Flame             Conj/Fire      11%        2d3       38%         4
 Dispersal                Tloc           5%         N/A       99%         6


Dungeon Overview and Level Annotations

Branches:
Dungeon (8/15)             Temple (1/1) D:5            Lair (0/5) D:8
Ossuary (visited)

Altars:
Ashenzari
Cheibriados
Dithmenos
Elyvilon
Fedhas
Gozag
Hepliaklqana
Kikubaaqudgha
Makhleb
Nemelex Xobeh
Okawaru
Qazlal
Ru
Trog
Uskayaw
Vehumet
Xom
Yredelemnul
Zin
The Shining One

Shops:
D:1 ?   D:2 *   D:3 ((=![   D:4 =

Portals:
Bailey: D:8

Annotations:
D:4 Duvessa
D:8 Erica


Innate Abilities, Weirdness & Mutations

You are something dangerously unstable.
You glow with magical radiation, making you easy to see and hit.
Foes you strike become dangerously contaminated with magical radiation.
You are incapable of wielding weapons or throwing items.
You have very sharp teeth.
Your uncanny sense of smell can sniff out nearby items.
Your experience applies equally to all skills.


Message History

* * * LOW HITPOINT WARNING * * *
You hit Erica.
Erica shudders as magic cascades through her.
Erica twists and deforms.
You hear the faint creaking of a portcullis very nearby.
You feel sick. Something hits you.
* * * LOW HITPOINT WARNING * * *
Something burns you.
* * * LOW HITPOINT WARNING * * *
You are constricted.
* * * LOW HITPOINT WARNING * * *
You feel much better.
You feel sick.
You hear some strange, mumbled words.
A bolt of poison appears from out of thin air!
The bolt of poison misses you.
You are constricted.
You closely miss something.
You feel sick. Something hits you!
* * * LOW HITPOINT WARNING * * *
Something burns you.
* * * LOW HITPOINT WARNING * * *
You are constricted.
* * * LOW HITPOINT WARNING * * *
You closely miss something. Something barely misses you.
You are constricted.
* * * LOW HITPOINT WARNING * * *
You feel better. Something closely misses you.
You are constricted.
Unknown command.
You punch something!
Erica begins to glow.
You bite Erica, but do no damage.
Erica is moderately wounded.
Erica hits you with a +2 scimitar of flaming!
* * * LOW HITPOINT WARNING * * *
Erica burns you.
* * * LOW HITPOINT WARNING * * *
Erica constricts you.
* * * LOW HITPOINT WARNING * * *
Aiming: Mindburst
Press: ? - help, Shift-Dir - straight line, f - Erica
Aim: Erica, wielding a +2 scimitar of flaming and wearing a ring of wizardry (moderately wounded, constricting you, slightly transparent, contaminated, misshapen and mutated, chance to affect: 67%) Erica's mind is blasted!!
Erica hits you with a +2 scimitar of flaming!
You die...
Erica begins burbling mirthfully and uncontrollably.

###.###.#.#.#.#*,**,*******,*
.....####.8.#.#,,,,,∆,,,,,,,*****
#.#..##.#.#.#.#***,,**,,,,,,,,,,*
#.#..##.#.#.8.# *,,**,***,,***,*
........#.#.#.# *,,**,* *,,* *,*
#.#..##.###+### *,,#*,* *,,* *,*
#.......##..#.# *,.#*,***,,* *,*
..............####..#...**,,* *,*
##########.#..).px......,,,,* *,*
#.#.#####.##...>*,** *,* **#.#.#
*,#**,*,*,* *,*
*,..).#****,***,,*,,** *,*
*,#..<.,,,*∆**,,**<*,***,*
*,##.!#**,*,,,,**,***,,,,*
*,*#..#**,****,,**,*,*****
*,*#..,,,,,,,**,,*,,**
*,***,,,,,,,,,,,,,,,*


You could see Erica (invisible, contam, misshapen).

Vanquished Creatures
  Pikel (D:5)
  A water moccasin (D:7)
  3 black bears
  2 hornet zombies (Ossuary)
  An ogre (D:4)
  2 centaurs
  A lemure (D:6)
  2 kobold brigands (D:4)
  An elf zombie (D:7)
  A bullfrog (D:7)
  An elf skeleton (D:7)
  2 scorpions
  A wyvern zombie (Ossuary)
  2 water moccasin zombies (Ossuary)
  Dowan (D:4)
  4 howler monkeys
  A jelly (D:4)
  3 centaur zombies (Ossuary)
  7 bullfrog zombies (Ossuary)
  A hound (D:5)
  A human zombie (D:7)
  4 orc priests
  2 sleepcaps
  Jessica (D:3)
  A human skeleton (D:7)
  Ijyb (D:5)
  3 orc wizards (D:7)
  2 killer bee zombies (Ossuary)
  13 mummies (Ossuary)
  4 howler monkey zombies (Ossuary)
  12 adders
  A white imp (D:7)
  6 ufetubi (D:5)
  A worm (D:2)
  2 dart slugs (D:4)
  6 orcs
  8 bats
  4 endoplasms
  2 giant cockroaches
  7 hobgoblins
  14 jackals
  11 kobolds
  5 quokkas
  3 ball pythons
  A frilled lizard (D:2)
  7 goblins
  2 orc zombies (D:7)
  5 rats
167 creatures vanquished.

Vanquished Creatures (others)
  An endoplasm (D:3)
1 creature vanquished.

Grand Total: 168 creatures vanquished

Notes
Turn   | Place    | Note
-------+----------+-------------------------------------------
     0 | D:1      | jlumianski the Gnoll Shapeshifter began the quest for the
                  | Orb.
     0 | D:1      | Reached XP level 1. HP: 17/17 MP: 1/1
    48 | D:1      | Found Bepsuim's Magic Scroll Emporium.
   150 | D:1      | Reached XP level 2. HP: 23/23 MP: 2/2
   778 | D:2      | Reached XP level 3. HP: 28/28 MP: 2/4
   798 | D:2      | Reached skill level 1 in Invocations
   860 | D:2      | Reached skill level 1 in Short Blades
   860 | D:2      | Reached skill level 1 in Long Blades
   860 | D:2      | Reached skill level 1 in Axes
   860 | D:2      | Reached skill level 1 in Maces & Flails
   860 | D:2      | Reached skill level 1 in Polearms
   860 | D:2      | Reached skill level 1 in Staves
   860 | D:2      | Reached skill level 1 in Ranged Weapons
   860 | D:2      | Reached skill level 1 in Throwing
   860 | D:2      | Reached skill level 1 in Armour
   860 | D:2      | Reached skill level 1 in Stealth
   860 | D:2      | Reached skill level 1 in Shields
   860 | D:2      | Reached skill level 1 in Spellcasting
   860 | D:2      | Reached skill level 1 in Evocations
  1025 | D:2      | Reached XP level 4. HP: 34/34 MP: 5/5
  1253 | D:2      | Found Fikko's General Store.
  1260 | D:2      | Bought a scroll of identify for 28 gold pieces
  1419 | D:2      | Reached skill level 1 in Conjurations
  1419 | D:2      | Reached skill level 1 in Hexes
  1419 | D:2      | Reached skill level 1 in Summonings
  1419 | D:2      | Reached skill level 1 in Necromancy
  1419 | D:2      | Reached skill level 1 in Translocations
  1419 | D:2      | Reached skill level 1 in Transmutations
  1419 | D:2      | Reached skill level 1 in Fire Magic
  1419 | D:2      | Reached skill level 1 in Ice Magic
  1419 | D:2      | Reached skill level 1 in Air Magic
  1419 | D:2      | Reached skill level 1 in Earth Magic
  1419 | D:2      | Reached skill level 1 in Poison Magic
  1713 | D:3      | Noticed a scorpion
  1719 | D:3      | Killed a scorpion
  1720 | D:3      | Reached XP level 5. HP: 41/41 MP: 5/7
  1754 | D:3      | Found a faded altar of an unknown god.
  1764 | D:3      | Found Balop's Antique Weapon Shoppe.
  1821 | D:3      | Found Omoybaf's Weapon Shoppe.
  1984 | D:3      | Found Axuynt's Distillery.
  2019 | D:3      | Bought a potion of heal wounds for 70 gold pieces
  2040 | D:3      | Found a glowing golden altar of the Shining One.
  2043 | D:3      | Noticed an angel
  2056 | D:3      | Found Yliox's Jewellery Shop.
  2118 | D:3      | Noticed Jessica
  2126 | D:3      | Killed Jessica
  2152 | D:3      | Found Zoeho's Armour Emporium.
  2202 | D:4      | Found Cumag's Jewellery Emporium.
  2243 | D:3      | Reached XP level 6. HP: 47/47 MP: 8/8
  2315 | D:3      | You fall into a shaft and drop 3 floors!
  2315 | D:6      | Found an iron altar of Okawaru.
  2331 | D:6      | Noticed Pikel
  2337 | D:5      | Entered Level 5 of the Dungeon
  2344 | D:5      | Reached skill level 5 in Dodging
  2435 | D:5      | Found a staircase to the Ecumenical Temple.
  2435 | D:5      | Noticed a black bear
  2453 | D:5      | Killed a black bear
  2476 | D:5      | Identified the +5 dagger of the Flying Rattlesnake {flame,
                  | rElec}
  2483 | Temple   | Entered the Ecumenical Temple
  2584 | D:5      | Reached XP level 7. HP: 50/52 MP: 10/10
  2750 | D:4      | Found a bloodstained altar of Trog.
  3222 | D:4      | Noticed Dowan
  3256 | D:4      | Killed Dowan
  3257 | D:4      | Reached XP level 8. HP: 52/60 MP: 12/12
  3501 | D:3      | Found a basalt altar of Yredelemnul.
  3503 | D:3      | Noticed a profane servitor
  3862 | D:4      | Identified 2 scrolls of acquirement
  3862 | D:4      | Acquired a book of Dreams
  3864 | D:4      | Upgraded the game from 0.31-a0-1300-gb6740aa4e6 to
                  | 0.31-a0-1308-ga3cce3a448
  4068 | D:4      | Noticed Duvessa
  4267 | D:4      | Acquired 852 gold pieces
  4354 | D:4      | Bought a +6 ring of dexterity for 396 gold pieces
  4354 | D:4      | Bought a +4 ring of protection for 396 gold pieces
  4378 | D:3      | Bought a potion of heal wounds for 70 gold pieces
  4813 | D:5      | Noticed Ijyb
  4831 | D:5      | Killed Ijyb
  5067 | D:5      | Killed Pikel
  5292 | D:7      | Reached XP level 9. HP: 55/66 MP: 14/14
  5568 | D:7      | Found an ancient bone altar of Kikubaaqudgha.
  5574 | D:7      | Found a stormy altar of Qazlal.
  5576 | D:7      | Found a hazy altar of Hepliaklqana.
  5577 | D:7      | Found a glowing silver altar of Zin.
  5583 | D:7      | Found a sparkling altar of Nemelex Xobeh.
  5797 | D:7      | Found a sand-covered staircase.
  5814 | D:7      | Reached skill level 5 in Fighting
  5820 | Ossuary  | Entered an ossuary
  5961 | Ossuary  | Learned a level 2 spell: Ensorcelled Hibernation
  5964 | Ossuary  | Learned a level 2 spell: Jinxbite
  6068 | Ossuary  | Reached skill level 5 in Invocations
  6590 | D:7      | Reached XP level 10. HP: 68/74 MP: 17/17
  6674 | D:8      | Found a flagged portal.
  6710 | D:8      | Noticed Erica
  6724 | D:8      | Slain by Erica

Illustrated notes

Levels and vault maps discovered:
D:1:      dpeg_arrival_castle, layout_loops_ring, serial_shops, shop,
          minmay_split_cup_large
D:2:      layout_basic, serial_shops, shop, dk_vineyard_3
D:3:      layout_loops_cross, grunt_temple_overflow_holy_war,
          ebering_ecumenical_altar_hall, serial_shops, shop_statue, shop,
          nicolae_shop_back_alley_shop, shop, nicolae_shop_industrial_runoff,
          uniq_jessica
D:4:      cheibrodos_thug_alley, layout_basic, trog_ov_bears_minmay,
          serial_shops, shop, minmay_misc_feat_rows, uniq_duvessa
D:5:      layout_rooms, minmay_temple_entry_gardened_gates, uniq_ijyb
D:6:      layout_loops_cross, led_sif_book, mainiacjoe_overflow_large_starburst,
          dreamdust_princess_corridor, serial_library_hellmonk_room_a,
          minivault_23, hangedman_abyss_or_decor_lesser_grid, uniq_eustachio,
          uniq_grinder, uniq_pikel
D:7:      layout_loops_corners, nicolae_overflow_hallway_of_the_gods,
          nicolae_ossuary_entry_catacombs, david_defended_altar_orc
D:8:      layout_loops_ring, david_lair_generic, enter_bailey_8,
          kennysheep_big_empty_room, uniq_erica
Temple:   jpeg_temple_clearing

Skill      XL: |  1  2  3  4  5  6  7  8  9 |
---------------+----------------------------+-----
Invocations    | 1 2 3 4 5 |  5.4
Short Blades   | 1 2 3 4 |  4.9
Long Blades    | 1 2 3 4 |  4.9
Axes           | 1 2 3 4 |  4.9
Maces & Flails | 1 2 3 4 |  4.9
Polearms       | 1 2 3 4 |  4.9
Staves         | 1 2 3 4 |  4.9
Ranged Weapons | 1 2 3 4 |  4.9
Throwing       | 1 2 3 4 |  4.9
Armour         | 1 2 3 4 |  4.9
Stealth        | 1 2 3 4 |  4.9
Shields        | 1 2 3 4 |  4.9
Spellcasting   | 1 2 3 4 |  4.9
Evocations     | 1 2 3 4 |  4.9
Conjurations   | 1 2 3 4 |  4.0
Hexes          | 1 2 3 4 |  4.0
Summonings     | 1 2 3 4 |  4.0
Necromancy     | 1 2 3 4 |  4.0
Translocations | 1 2 3 4 |  4.0
Transmutations | 1 2 3 4 |  4.0
Fire Magic     | 1 2 3 4 |  4.0
Ice Magic      | 1 2 3 4 |  4.0
Air Magic      | 1 2 3 4 |  4.0
Earth Magic    | 1 2 3 4 |  4.0
Poison Magic   | 1 2 3 4 |  4.0
Fighting       | 3 4 5 |  5.6
Dodging        | 5 6 |  6.8
Unarmed Combat | 7 8 |  8.3
Shapeshifting  | 7 8 |  8.0

Action                     |  1- 3 |  4- 6 |  7- 9 | 10-12 || total
---------------------------+-------+-------+-------+-------++-------
  Melee: Unarmed           |    49 |    99 |   255 |    11 ||   414
         Bite              |     1 |     6 |    44 |     2 ||    53
         Punch             |     1 |     3 |     8 |       ||    12
         Dagger            |       |       |   163 |       ||   163
  Throw: Dart              |       |     7 |    11 |       ||    18
   Cast: Jinxbite          |       |       |     1 |     1 ||     2
         Ensorcelled Hiber |       |       |     1 |       ||     1
  Evoke: Wand              |       |       |     1 |     1 ||     2
    Use: Potion            |     1 |       |     4 |     2 ||     7
         Scroll            |       |     6 |    14 |     2 ||    22
   Stab: Distracted        |       |       |     2 |       ||     2
         Sleeping          |       |       |     1 |       ||     1
 Armour: Animal skin       |    18 |     6 |       |       ||    24
         Chain mail        |       |    57 |   132 |       ||   189
         Ring mail         |       |       |    79 |       ||    79
         Skin              |       |       |    56 |     8 ||    64
  Dodge: Dodged            |    31 |    44 |   270 |    21 ||   366
   Form: Flux              |       |       |     1 |       ||     1

Table legend: (Time is in decaauts)
 A = Elapsed time spent in this place.
 B = Non-inter-level travel time spent in this place.
 C = Inter-level travel time spent in this place.
 D = Time resting spent in this place.
 E = Time spent auto-exploring this place.
 F = Levels seen in this place.
 G = Mean time per level.
                   A        B        C        D        E       F      G
               +--------+--------+--------+--------+--------+-----+--------+
         Total |   6682 |   6567 |    115 |    721 |   2746 |  10 |  668.2 |
       Dungeon |   5997 |   5882 |    115 |    714 |   2539 |   8 |  749.6 |
        Temple |     79 |     79 |      0 |      0 |      0 |   1 |   79.0 |
       Ossuary |    605 |    605 |      0 |      7 |    207 |   1 |  605.0 |
               +--------+--------+--------+--------+--------+-----+--------+

Top non-repeatable levels by time:
     D:4: 1640 daAuts
     D:2: 987 daAuts
     D:3: 939 daAuts
     D:7: 800 daAuts
     D:5: 778 daAuts
     D:1: 659 daAuts
 Ossuary: 605 daAuts
     D:6: 137 daAuts
  Temple: 79 daAuts
     D:8: 55 daAuts
